Unix NetHack Version 5.0.0-0 post-release - last build May 10 2026 23:12:36 (d1fa5d53e341ca933230fdaa984d921c805b60aa,branch:main).

Game began 2026-05-13 17:42:31, ended 2026-05-13 17:43:10.

Eymerich, chaotic male elven Priest

                                             ---
                                              .|
                                             |.|
                                             |G|
                                             |.--- ---
                                           ---...--..|
                                           |.........|
                                        ----.......---
                                        |..........|
                            |       |  --..(...)...--
                            -.....h............@....-
                      ............   -........GG.......-
                     -.....        |............%..*....|
                     --            ----........G<.......-
                                      --............---...
                                       ----.|.......|  ---
                                          ---....----
                                             ....|
                                            ...---
                                            |.--
                                            ---
Eymerich the Aspirant        St:10 Dx:16 Co:13 In:9 Wi:16 Ch:14  Chaotic
Dlvl:4  $:0  HP:0(13) Pw:9(9) AC:7  Xp:1 T:28 

Latest messages:
 Shall I pick character's race, role, gender and alignment for you? [ynaq]
 [Mars has chosen you to recover the Amulet of Yendor for Him.]
 Hello Eymerich, welcome to NetHack!  You are a chaotic elven Priest.
 You swap places with your kitten.
 Really step into that hole? [yn] (n)
 You escape a hole.
 Really step into that hole? [yn] (n)
 There's a gaping hole under you!
 You descend the stairs.
 You hear crashing rock.
 You miss the gnome.
 You kill the gnome!
 Really step into that hole? [yn] (n)
 There's a gaping hole under you!
 The gnome king is almost hit by a dart!
 The gnome king picks up a dart.
 The gnome throws a dagger!
 The dagger hits the gnome.
 The gnome throws a dart!
 The dart hits the gnome.
 You kill the gnome!
 The gnome king throws a dart!
 You are hit by a dart.
 The gnome throws a dart!
 The dart hits the gnome king.
 The gnome throws a dagger!
 The dagger misses the gnome.
 The dagger hits the gnome king.
 You hear crashing rock.
 You hit the gnome king!
 The gnome king hits!
 You die...
 Do you want your possessions identified? [ynq] (y)

Inventory:
 Weapons  (')')
  a - a blessed +1 mace (weapon in right hand)
 Armor    ('[')
  c - a +0 small shield (being worn)
  b - a +0 robe (being worn)
 Comestibles  ('%')
  e - a clove of garlic
  f - 2 sprigs of wolfsbane
 Spellbooks  ('+')
  h - a spellbook of detect monsters
  g - a spellbook of light
 Potions  ('!')
  d - 4 potions of holy water
 Tools    ('(')
  i - a wooden harp

Eymerich the Priest's attributes:

Background:
 You were an Aspirant, a level 1 elven Priest.
 You were chaotic, on a mission for Mars
 who was opposed by Mercury (lawful) and Venus (neutral).
 You were right-handed.
 You were in the Gnomish Mines, on level 4.
 You entered the dungeon 28 turns ago.
 You had 14 experience points, 6 more were needed to attain level 2.

Basics:
 You had 0 out of 13 hit points.
 You had all 9 energy points (spell power).
 Your armor class was 7.
 Your wallet was empty.
 Autopickup was off.

Final Characteristics:
 Your strength was 10 (limit:18).
 Your dexterity was 16 (limit:18).
 Your constitution was 13 (limit:16).
 Your intelligence was 9 (limit:20).
 Your wisdom was 16 (limit:20).
 Your charisma was 14 (limit:18).

Final Status:
 You weren't hungry.
 You were unencumbered.
 You were wielding a mace.
 You had basic skill with mace.

Final Attributes:
 You were nominally aligned.
 You had infravision.
 You were guarded.
 Your spell casting was enhanced by wearing a robe.
 You are dead.

Miscellaneous:
 You didn't encounter any bones levels.
 Total elapsed playing time was 35 seconds.

Major events:
 Turn
    1: Eymerich the chaotic elven Priest entered the dungeon
   11: entered the Gnomish Mines
   28: killed by a gnome king

Spells:
 Name                 Level Category     Fail Retention
 light                  1   clerical       0%  91%-100%
 detect monsters        1   divination     0%  76%-100%

Skills:
 Fighting Skills
   bare handed combat [Unskilled]
 Weapon Skills
   club               [Unskilled]
   mace               [Basic]
   morning star       [Unskilled]
   flail              [Unskilled]
   hammer             [Unskilled]
   quarterstaff       [Unskilled]
   polearms           [Unskilled]
   spear              [Unskilled]
   trident            [Unskilled]
   lance              [Unskilled]
   bow                [Unskilled]
   sling              [Unskilled]
   crossbow           [Unskilled]
   dart               [Unskilled]
   shuriken           [Unskilled]
   boomerang          [Unskilled]
   unicorn horn       [Unskilled]
 Spellcasting Skills
   healing spells     [Unskilled]
   divination spells  [Unskilled]
   clerical spells    [Basic]

Voluntary challenges:
 Character rerolling was not enabled.
 You went without food.
 You were an atheist.
 You were illiterate.
 You never genocided any monsters.
 You never polymorphed an object.
 You never changed form.
 You used no wishes.
Achievement:
 You entered the Gnomish Mines.

 The Dungeons of Doom: levels 1 to 2
    Level 1:
       A fountain.
    Level 2:
       Stairs down to The Gnomish Mines.
 The Gnomish Mines: levels 3 to 4
    Level 3:
    Level 4: <- You were here.
       Final resting place for
          you, killed by a gnome king.


Vanquished creatures:
  a gnome leader
  2 gnomes
3 creatures vanquished.

No species were genocided or became extinct.

Game over:
                       ----------
                      /          \
                     /    REST    \
                    /      IN      \
                   /     PEACE      \
                  /                  \
                  |     Eymerich     |
                  |       0 Au       |
                  |   killed by a    |
                  |    gnome king    |
                  |                  |
                  |                  |
                  |       2026       |
                 *|     *  *  *      | *
        _________)/\\_//(\/(/\)/\//\/|_)_______

Goodbye Eymerich the Priest...

You died in The Gnomish Mines on dungeon level 4 with 206 points,
and 0 pieces of gold, after 28 moves.
You were level 1 with a maximum of 13 hit points when you died.

